 Dungeon Crawl Stone Soup version 0.29-a0-323-g050149af67 (webtiles) character file.

Game seed: 17984478290826023207

230 garrulousMonolith the Chopper (level 6, 0/53 HPs)
             Began as a Hill Orc Fighter on Apr 11, 2022.
             Slain by a gnoll
             ... wielding a +0 club
              (3 damage)
             ... on level 3 of the Dungeon.
             The game lasted 00:04:02 (2891 turns).

garrulousMonolith the Chopper (Hill Orc Fighter)    Turns: 2891, Time: 00:04:03

Health: 0/53       AC:  7    Str: 19    XL:     6   Next: 3%
Magic:  7/7        EV:  9    Int: 10    God:
Gold:   178        SH:  4    Dex: 10    Spells: 3/5 levels left

rFire   . . .      SeeInvis .   x - +7 short sword (elec)
rCold   . . .      Faith    .   c - +0 buckler
rNeg    . . .      Spirit   .   e - +0 scale mail
rPois   .          Reflect  .   (no helmet)
rElec   .          Harm     .   (no cloak)
rCorr   .          Rampage  .   (no gloves)
Will    .....                   (no boots)
Stlth   ..........              (no amulet)
HPRegen 0.17/turn               (no ring)
MPRegen 0.10/turn               (no ring)

@: about to teleport
A: no striking features
a: no special abilities


You were on level 3 of the Dungeon.
You visited 1 branch of the dungeon, and saw 4 of its levels.

You collected 334 gold pieces.
You spent 156 gold pieces at shops.

Inventory:

Hand Weapons
 a - a +0 war axe
 b - a +0 hunting sling
 x - a +7 short sword of electrocution (weapon)
Missiles
 h - 4 curare-tipped darts (quivered)
Armour
 c - a +0 buckler (worn)
 e - a +0 scale mail (worn)
Scrolls
 d - a scroll of fear {unknown}
 f - a scroll of amnesia {unknown}
 j - a scroll of acquirement {unknown}
 l - a scroll of enchant armour {unknown}
 n - a scroll of enchant weapon {unknown}
 s - a scroll of holy word {unknown}
 t - 2 scrolls of magic mapping {unknown}
Potions
 g - 2 potions of magic
 k - a potion of cancellation {unknown}
 m - a potion of flight {unknown}
 p - a potion of mutation {unknown}
 r - a potion of brilliance {unknown}
 u - 2 potions of resistance
 w - a potion of might
 z - a potion of ambrosia {unknown}


   Skills:
 + Level 4.5 Fighting
 * Level 4.8 Axes
 + Level 4.0 Armour
 + Level 1.4 Dodging
 + Level 4.0 Shields
 + Level 2.3 Invocations


You had 3 spell levels left.
You knew the following spells:

 Your Spells              Type           Power      Damage    Failure   Level
a - Passwall              Tmut/Erth      0%         N/A       91%         2

Your spell library contained the following spells:

 Spells                   Type           Power      Damage    Failure   Level
 Sandblast                Erth           0%         2d4       82%         1
 Sublimation of Blood     Necr           0%         N/A       91%         2
 Wereblood                Tmut           0%         N/A       91%         2
 Dazzling Flash           Conj/Hex       0%         N/A       99%         3
 Ozocubu's Armour         Ice            0%         N/A       99%         3
 Stone Arrow              Conj/Erth      0%         3d7       99%         3
 Agony                    Necr           0%         N/A       100%        5
 Silence                  Hex/Air        0%         N/A       100%        5
 Ozocubu's Refrigeration  Ice            0%         4d5       100%        7
 Summon Hydra             Summ           0%         N/A       100%        7
 Borgnjor's Revivificati  Necr           0%         N/A       100%        8
 Necromutation            Tmut/Necr      0%         N/A       100%        8
 Death's Door             Necr           0%         N/A       100%        9


Dungeon Overview and Level Annotations

Branches:
Dungeon (4/15)
 Temple: D:4-7

Altars:
Gozag
Nemelex Xobeh
Ru
Zin

Shops:
D:3 *!([*


Message History

The gnoll hits you with a +0 club! The gnoll hits you with a +0 club.
There is a stone staircase leading up here.
The gnoll hits you but does no damage. The necrophage hits you.
You feel drained. The gnoll hits you with a +0 club.
The gnoll closely misses you.
You climb upwards.
There is a stone staircase leading down here.
You puncture the necrophage!
The necrophage is moderately damaged.
The necrophage hits you. You block the gnoll's attack.
The gnoll hits you but does no damage. You block the gnoll's attack.
You barely miss the necrophage.
The necrophage is moderately damaged.
You block the necrophage's attack. The gnoll hits you with a +0 club.
The gnoll hits you with a +0 flail. The gnoll barely misses you.
The necrophage hits you but does no damage.
The gnoll hits you but does no damage. x2; The gnoll hits you with a +0 club!
* * * LOW HITPOINT WARNING * * *
You feel better. The necrophage hits you.
The gnoll hits you but does no damage. You block the gnoll's attack. x2
As you read the scroll of teleportation, it crumbles to dust.
You feel strangely unstable. The necrophage hits you.
* * * LOW HITPOINT WARNING * * *
You feel drained.
* * * LOW HITPOINT WARNING * * *
The gnoll closely misses you. x2; The gnoll hits you but does no damage.
You puncture the necrophage!
Lightning courses through the necrophage!
You destroy the necrophage!
The gnoll hits you but does no damage. The gnoll hits you with a +0 club.
* * * LOW HITPOINT WARNING * * *
The gnoll hits you but does no damage.
Your life force feels restored.
Your Armour skill increases to level 4!
Your Shields skill increases to level 4!
You have reached level 6!
The gnoll hits you but does no damage.
You see here a necrophage corpse.
The gnoll attacks as you move away! The gnoll hits you with a +0 club.
You die...

......#...####..#.##........####
.....###..# ##.#.#.........#
..∩.._⌠#..# #.#....≈......#
.....###..# #.#...≈.≈.....#
......#..## #....≈...≈....#
........## ##..≈..∩..≈...#
.######## #...≈...≈....# .#
##gg..≈.≈.....# .#
#.@g...≈....### .# #.########..#
.# #.# #..)....# .# #.#
#.####### ## #.# #...# #.#####.#
#.......# #########


You could see 3 gnolls.

Vanquished Creatures
  A necrophage (D:3)
  A scorpion (D:3)
  Terence (D:3)
  A gnoll (D:3)
  An adder (D:2)
  2 dart slugs
  An orc (D:3)
  4 bats (D:1)
  7 endoplasms
  5 giant cockroaches
  7 goblins
  6 hobgoblins
  6 kobolds
  2 quokkas
  3 ball pythons
  4 frilled lizards
  6 rats
58 creatures vanquished.

Vanquished Creatures (others)
  2 demonic plants (D:1)
  2 fungi (D:1)
  A plant (D:1)
  3 withered plants (D:1)
8 creatures vanquished.

Grand Total: 66 creatures vanquished

Notes
Turn   | Place    | Note
-------+----------+-------------------------------------------
     0 | D:1      | garrulousMonolith the Hill Orc Fighter began the quest for
                  | the Orb.
     0 | D:1      | Reached XP level 1. HP: 19/19 MP: 1/1
   182 | D:1      | Reached XP level 2. HP: 19/27 MP: 2/2
   549 | D:1      | Reached XP level 3. HP: 33/33 MP: 3/3
   820 | D:1      | Found a faded altar of an unknown god.
  1206 | D:2      | Reached skill level 1 in Invocations
  1284 | D:2      | Found a sparkling altar of Nemelex Xobeh.
  1434 | D:2      | Learned a level 2 spell: Passwall
  1747 | D:2      | Reached XP level 4. HP: 40/40 MP: 4/4
  1984 | D:3      | Found a sacrificial altar of Ru.
  1988 | D:3      | Noticed Terence
  1994 | D:3      | Found Zin's Purification Station.
  2022 | D:3      | Found an opulent altar of Gozag.
  2022 | D:3      | Found Efufut's Distillery.
  2124 | D:3      | Noticed a scorpion
  2128 | D:3      | Found Putis's Antique Weapon Boutique.
  2132 | D:3      | Killed a scorpion
  2133 | D:3      | Reached skill level 1 in Dodging
  2133 | D:3      | Reached XP level 5. HP: 38/47 MP: 6/6
  2143 | D:3      | Bought a potion of resistance for 120 gold pieces
  2143 | D:3      | Bought a potion of curing for 36 gold pieces
  2255 | D:3      | Found Fasela's Armour Emporium.
  2307 | D:3      | Found a glowing silver altar of Zin.
  2392 | D:3      | Found Eduohywi's Assorted Antiques.
  2401 | D:3      | Killed Terence
  2889 | D:3      | HP: 2/43 [gnoll/+0 club (5)]
  2890 | D:3      | Reached XP level 6. HP: 3/53 MP: 7/7
  2891 | D:3      | Slain by a gnoll

Illustrated notes

Levels and vault maps discovered:
D:1:      saegor_arrival_simple_e, layout_loops_ring,
          shapermc_ecumenical_altar_gd
D:2:      layout_basic, basic_altar
D:3:      layout_basic, amcnicky_altar_gilded, nicolae_gozag_seed_capital,
          zin_purify, serial_shops, nicolae_shop_crystal, nicolae_diamond_shop,
          shop, shop, uniq_terence
D:4:      layout_layer_cave, uniq_ijyb

Skill      XL: |  1  2  3  4  5 |
---------------+----------------+-----
Axes           | 3 4 |  4.8
Invocations    | 1 2 |  2.3
Fighting       | 4 |  4.5
Dodging        | 1 |  1.4
Armour         | 4 |  4.0
Shields        | 4 |  4.0

Action                   |  1- 3 |  4- 6 || total
-------------------------+-------+-------++-------
Melee: War axe           |   109 |    28 ||   137
       Short sword       |       |    13 ||    13
 Fire: Hunting sling     |    15 |       ||    15
Throw: Dart              |       |     4 ||     4
  Use: Scroll            |       |     4 ||     4
       Potion            |       |     3 ||     3
Armor: Scale mail        |    51 |    26 ||    77
Dodge: Dodged            |    47 |    29 ||    76
Block: Buckler           |    25 |    20 ||    45

Table legend: (Time is in decaauts)
 A = Elapsed time spent in this place.
 B = Non-inter-level travel time spent in this place.
 C = Inter-level travel time spent in this place.
 D = Time resting spent in this place.
 E = Time spent auto-exploring this place.
 F = Levels seen in this place.
 G = Mean time per level.
                   A        B        C        D        E       F      G
               +--------+--------+--------+--------+--------+-----+--------+
         Total |   2952 |   2862 |     90 |    351 |   1973 |   4 |  738.0 |
       Dungeon |   2952 |   2862 |     90 |    351 |   1973 |   4 |  738.0 |
               +--------+--------+--------+--------+--------+-----+--------+

Top non-repeatable levels by time:
     D:1: 1205 daAuts
     D:3: 956 daAuts
     D:2: 715 daAuts
     D:4: 74 daAuts
